 Dungeon Crawl Stone Soup version 0.31-a0-237-g2d982f9f85 (webtiles) character file.

Game seed: 2724114280993240629

305 qw the Shooter (level 6, -1/52 HPs)
             Began as a Minotaur Hexslinger on July 11, 2023.
             Was a Follower of Okawaru.
             Slain by Grinder (2 damage)
             ... on level 4 of the Dungeon.
             The game lasted 00:00:58 (2376 turns).

qw the Shooter (Minotaur Hexslinger)                Turns: 2376, Time: 00:00:59

Health: -1/52      AC:  6    Str: 12    XL:     6   Next: 16%
Magic:  6/6        EV: 11    Int: 10    God:    Okawaru [*.....]
Gold:   171        SH:  0    Dex: 15    Spells: 6/7 levels left

rFire   + . .        Y - +2 sling
rCold   + . .        (no shield)
rNeg    . . .        l - +0 ring mail
rPois   .            (helmet restricted)
rElec   .            (no cloak)
rCorr   .            (no gloves)
SInv    .            d - +0 pair of boots
Will    .....        (no amulet)
Stlth   +            i - ring of protection from fire
HPRegen 0.28/turn    g - ring of protection from cold
MPRegen 0.10/turn

%: no passive effects
@: no status effects
A: horns 2, retaliatory headbutt
a: Renounce Religion, Heroism


You were on level 4 of the Dungeon.
You worshipped Okawaru.
Okawaru was aware of your devotion.
You visited 1 branch of the dungeon, and saw 4 of its levels.

You collected 171 gold pieces.


Innate Abilities, Weirdness & Mutations

You have a pair of horns on your head.
You reflexively headbutt those who attack you in melee.


   Skills:
 - Level 4.0 Fighting
 + Level 5.9 Ranged Weapons
 - Level 1.7 Armour
 - Level 2.1 Dodging
 - Level 1.0 Spellcasting
 - Level 2.0 Hexes
 + Level 0.0 Invocations


You had 6 spell levels left.
You knew the following spells:

 Your Spells              Type           Power      Damage    Failure   Level
a - Slow                  Hex            16%        N/A       32%         1

Your spell library contained the following spells:

 Spells                   Type           Power      Damage    Failure   Level
 Inner Flame              Hex/Fire       2%         N/A       83%         3
 Portal Projectile        Hex/Tloc       4%         N/A       83%         3
 Cause Fear               Hex            2%         N/A       97%         4

Inventory:

Hand Weapons
 Y - a +2 sling (weapon)
Armour
 d - a +0 pair of boots (worn)
 l - a +0 ring mail (worn)
Jewellery
 a - a ring of protection from fire
 g - a ring of protection from cold (right hand)
 i - a ring of protection from fire (left hand)
Potions
 b - 2 potions of heal wounds
 f - 3 potions of curing
 k - a potion of mutation {unknown}

Dungeon Overview and Level Annotations

Branches:
Dungeon (4/15)
 Temple: D:4-7

Altars:
Hepliaklqana
Makhleb
Okawaru
Wu Jian
Xom
Zin
The Shining One

Annotations:
D:4 Grinder


Message History

You shoot a sling bullet.
The sling bullet hits Grinder but does no damage.
You shoot a sling bullet. The sling bullet hits Grinder.
Grinder is lightly wounded.
Grinder drinks a potion.
Grinder flickers and vanishes!
Deactivating autopickup; reactivate with Ctrl-A.
You shoot a sling bullet. You shoot a sling bullet. You shoot a sling bullet.
Something barely misses you.
You shoot a sling bullet. Something hits you.
You writhe in agony.
You shoot a sling bullet. Pain shoots through your body!
You shoot a sling bullet. Something hits you.
You shoot a sling bullet.
You feel like a meek peon again.
You shoot a sling bullet. Something completely misses you. Something hits you.
You writhe in agony.
You shoot a sling bullet. Something hits you.
You shoot a sling bullet. Something hits you but does no damage.
You shoot a sling bullet. Something hits you.
You shoot a sling bullet. Something barely misses you.
You shoot a sling bullet. Pain shoots through your body!
You suddenly lose the ability to move!
Something hits you but does no damage.
Something tries to affect you, but you resist.
Pain shoots through your body! Something hits you.
You can move again.
You shoot a sling bullet. Something hits you!
You writhe in agony.
You shoot a sling bullet. Something hits you.
You writhe in agony.
You die...

##.......# #........##
#.........# ..........#
.......... .........#
......{..# .....).@.#
### ......#..# ##.##
....# #..###...## ...
#..#......# .
#......)..## # .#
##..........# ### ..#
#..<........# ###..
...#............###....
....#...........#...###


There were no monsters in sight!

Vanquished Creatures
  A black bear (D:4)
  A scorpion (D:4)
  A hound (D:4)
  Terence (D:2)
  4 adders
  A white imp (D:3)
  A worm (D:3)
  A dart slug (D:2)
  5 ball pythons
  3 endoplasms
  3 giant cockroaches
  9 goblins
  5 hobgoblins
  6 jackals (D:2)
  3 bats
  2 frilled lizards (D:3)
  6 kobolds
  7 rats
  A spectral kobold (D:3)
61 creatures vanquished.

Notes
Turn   | Place    | Note
-------+----------+-------------------------------------------
     0 | D:1      | qw the Minotaur Hexslinger began the quest for the Orb.
     0 | D:1      | Reached XP level 1. HP: 16/16 MP: 1/1
     0 | D:1      | 0 ||| qw: Version: 0.3-a-52-g30416fa
     0 | D:1      | 0 ||| qw: Game counter: 5781
     0 | D:1      | 0 ||| qw: Melee chars always use a shield: true
     0 | D:1      | 0 ||| qw: God list: Okawaru
     0 | D:1      | 0 ||| qw: Allow faded altars: false
     0 | D:1      | 0 ||| qw: Do Orc after clearing Dungeon:15 true
     0 | D:1      | 0 ||| qw: Do second Lair branch before Depths: true
     0 | D:1      | 0 ||| qw: Lair rune preference: random
     0 | D:1      | 0 ||| qw: Goals: Normal
     0 | D:1      | 0 ||| PLANNING D:1-11
   188 | D:1      | HP: 4/16 [goblin/+2 dagger of speed (1)]
   284 | D:1      | Reached skill level 3 in Ranged Weapons
   344 | D:1      | Reached XP level 2. HP: 23/23 MP: 2/2
   718 | D:1      | 718 ||| UPGRADING to +0 pair of boots.
   723 | D:1      | 723 ||| UPGRADING to amulet of guardian spirit.
   728 | D:1      | 728 ||| UPGRADING to ring of protection from fire.
   729 | D:1      | 729 ||| READING 3 scrolls labelled YTUR ZORIMOHY.
   730 | D:1      | 730 ||| READING scroll labelled TALOPUS GENN.
   731 | D:1      | 731 ||| DROPPING 2 scrolls of immolation.
   732 | D:1      | 732 ||| DROPPING scroll of poison.
   767 | D:2      | 767 ||| STAIRDANCE
   840 | D:2      | Noticed Terence
   851 | D:2      | Killed Terence
   852 | D:2      | Reached skill level 4 in Ranged Weapons
   852 | D:2      | Reached XP level 3. HP: 18/29 MP: 1/3
  1036 | D:2      | 1036 ||| FLEEEEING.
  1413 | D:2      | 1413 ||| UPGRADING to ring of protection from cold.
  1414 | D:2      | 1414 ||| READING scroll labelled ZEENAU SILU BUAC.
  1415 | D:2      | 1415 ||| READING scroll labelled CICVIZ DUFI.
  1416 | D:2      | 1416 ||| DRINKING 3 blue potions.
  1432 | D:3      | 1432 ||| STAIRDANCE
  1436 | D:2      | Reached XP level 4. HP: 30/36 MP: 4/4
  1603 | D:3      | Reached skill level 5 in Ranged Weapons
  1606 | D:3      | Found an iron altar of Okawaru.
  1607 | D:3      | 1607 ||| PLANNING OKAWARU WORSHIP
  1607 | D:3      | 1607 ||| DRINKING 2 glowing blue potions.
  1608 | D:3      | 1608 ||| DRINKING 2 smoky black potions.
  1609 | D:3      | 1609 ||| DROPPING potion of attraction.
  1616 | D:3      | Found an ornate altar of the Wu Jian Council.
  1618 | D:3      | Became a worshipper of Warmaster Okawaru
  1619 | D:3      | 1619 ||| PLANNING D:1-11
  1619 | D:3      | 1619 ||| REMOVING amulet of guardian spirit.
  1629 | D:3      | Found a glowing golden altar of the Shining One.
  1629 | D:3      | Found a glowing silver altar of Zin.
  1757 | D:3      | Found a shimmering altar of Xom.
  1981 | D:3      | Found a hazy altar of Hepliaklqana.
  2040 | D:3      | Found a burning altar of Makhleb.
  2088 | D:3      | 2088 ||| UPGRADING to +0 leather armour.
  2098 | D:3      | 2098 ||| DROPPING +0 robe.
  2099 | D:3      | 2099 ||| UPGRADING to +0 ring mail.
  2109 | D:3      | 2109 ||| DROPPING +0 leather armour.
  2110 | D:3      | 2110 ||| DROPPING amulet of guardian spirit.
  2111 | D:3      | 2111 ||| READING scroll labelled GENOAN FYCEE.
  2127 | D:4      | Reached skill level 1 in Armour
  2127 | D:4      | Reached XP level 5. HP: 43/44 MP: 5/5
  2209 | D:4      | Noticed a black bear
  2219 | D:4      | Killed a black bear
  2219 | D:4      | Reached * piety under Okawaru
  2220 | D:4      | Reached XP level 6. HP: 30/52 MP: 6/6
  2353 | D:4      | Noticed Grinder
  2354 | D:4      | 2354 ||| INVOKING Heroism.
  2370 | D:4      | Paralysed by something for 5 turns
  2375 | D:4      | HP: 8/52 [something (8)]
  2375 | D:4      | HP: 2/52 [something (6)]
  2376 | D:4      | Slain by Grinder

Levels and vault maps discovered:
D:1:      minmay_arrival_checkered_box, layout_loops_ring
D:2:      layout_loops_ring, uniq_terence
D:3:      layout_rooms, nicolae_hepliaklqana_monster_ancestors,
          mainiacjoe_overflow_six_doors_small,
          nicolae_overflow_hallway_of_the_gods, kennysheep_generic_room_14
D:4:      layout_cave_pods, uniq_robin, uniq_edmund, uniq_grinder

Skill      XL: |  1  2  3  4  5 |
---------------+----------------+-----
Ranged Weapons | 3 4 5 |  5.9
Fighting       | 2 4 |  4.0
Armour         | 1 |  1.7
Dodging        | |  2.1
Spellcasting   | |  1.0
Hexes          | |  2.0

Action                     |  1- 3 |  4- 6 || total
---------------------------+-------+-------++-------
   Fire: Sling             |   101 |   109 ||   210
 Invoke: Heroism           |       |     1 ||     1
    Use: Scroll            |     4 |     1 ||     5
         Potion            |     1 |     2 ||     3
 Armour: Robe              |    12 |     2 ||    14
         Ring mail         |       |    15 ||    15
  Dodge: Dodged            |    47 |    22 ||    69

Table legend:
 A = Non-vault XP
 B = Vault XP
 C = Vault XP percentage of total XP
 D = Non-vault monster count
 E = Vault monster count
 F = Vault count percentage of total count
                 A         B        C        D         E       F
            +---------+---------+-------+---------+---------+-------
      Total |     402 |      35 |   8.0 |      58 |       3 |   4.9
            +---------+---------+-------+---------+---------+-------
        D:1 |      16 |       0 |   0.0 |      10 |       0 |   0.0
        D:2 |      54 |      32 |  37.2 |      22 |       1 |   4.3
        D:3 |      73 |       3 |   3.9 |      18 |       2 |  10.0
        D:4 |     259 |       0 |   0.0 |       8 |       0 |   0.0
            +---------+---------+-------+---------+---------+-------
